 Dungeon Crawl Stone Soup version 0.30.1-11-g7821555f0a (webtiles) character file.

Game seed: 3998497614766575921

126 pkoi the Conjurer (level 4, 0/33 HPs)
             Began as a Draconian Conjurer on Nov 10, 2023.
             Slain by Grinder (4 damage)
             ... on level 3 of the Dungeon.
             The game lasted 00:03:33 (3456 turns).

pkoi the Conjurer (Draconian Conjurer)              Turns: 3456, Time: 00:03:34

Health: 0/33       AC:  5    Str:  9    XL:     4   Next: 84%
Magic:  1/7        EV: 12    Int: 20    God:
Gold:   116        SH:  0    Dex: 10    Spells: 6/7 levels left

rFire   . . .        b - +2 spear (venom)
rCold   . . .        (no shield)
rNeg    . . .        (body armour unavailable)
rPois   .            (helmet restricted)
rElec   .            (no cloak)
rCorr   .            (no gloves)
SInv    .            (no boots)
Will    .....        (no amulet)
Stlth   ++           (no ring)
HPRegen 0.25/turn    (no ring)
MPRegen 0.10/turn

%: no passive effects
@: no status effects
A: AC +5, unfitting armour, cold-blooded
a: no special abilities


You were on level 3 of the Dungeon.
You visited 1 branch of the dungeon, and saw 3 of its levels.

You collected 116 gold pieces.

Inventory:

Hand Weapons
 b - a +2 spear of venom (weapon)
 c - a +0 dagger
Missiles
 d - 6 poisoned darts
Scrolls
 e - 4 scrolls of vulnerability
 h - a scroll of fog
 i - a scroll of identify
Potions
 a - a potion of magic
 f - a potion of mutation
 g - 2 potions of haste
 j - a potion of attraction {unknown}
 l - a potion of berserk rage
 m - a potion of brilliance


   Skills:
 - Level 1.7 Dodging
 - Level 1.7 Stealth
 - Level 2.0 Spellcasting
 + Level 6.2 Conjurations


You had 6 spell levels left.
You knew the following spells:

 Your Spells              Type           Power      Damage    Failure   Level
a - Magic Dart            Conj           100%       1d8       1%          1

Your spell library contained the following spells:

 Spells                   Type           Power      Damage    Failure   Level
 Searing Ray              Conj           54%        2d6       1%          2
 Dazzling Flash           Conj/Hex       28%        N/A       13%         3
 Fulminant Prism          Conj/Hex       7%         3d6       41%         4
 Iskenderun's Mystic Bla  Conj/Tloc      14%        2d5       41%         4


Dungeon Overview and Level Annotations

Branches:
Dungeon (3/15)

Altars:

Annotations:
D:3 Grinder


Innate Abilities, Weirdness & Mutations

Your plain brown scales are hard. (AC +5)
You cannot fit into any form of body armour.
You are cold-blooded and may be slowed by cold attacks.


Message History

Unknown command.
Unknown command.
You hit Grinder but do no damage. You tail-slap Grinder.
Grinder is moderately wounded.
Grinder hits you but does no damage. Grinder barely misses you.
Unknown command.
You hit Grinder.
Grinder is heavily wounded.
Grinder gestures at you. Pain shoots through your body!
* * * LOW HITPOINT WARNING * * *
Unknown command.
Unknown command.
Unknown command.
You hit Grinder but do no damage.
Grinder looks even sicker.
Grinder is heavily wounded.
Grinder hits you but does no damage.
Unknown command.
Unknown command.
Aiming: Magic Dart (safe; 1% risk of failure)
Press: ? - help, Q - select action, (/) - cycle Shift-Dir - straight line, f/p - Grinder
Aim: Grinder (heavily wounded, very poisoned, 100% to hit)
The magic dart hits Grinder!
Grinder is severely wounded.
Grinder closely misses you.
Aiming: Magic Dart (safe; 1% risk of failure)
Press: ? - help, Q - select action, (/) - cycle Shift-Dir - straight line, f/p - Grinder
Aim: Grinder (severely wounded, very poisoned, 100% to hit)
The magic dart hits Grinder.
Grinder is almost dead.
Grinder hits you.
* * * LOW HITPOINT WARNING * * *
Unknown command.
Aiming: Magic Dart (safe; 1% risk of failure)
Press: ? - help, Q - select action, (/) - cycle Shift-Dir - straight line, f/p - Grinder
Aim: Grinder (almost dead, very poisoned, 100% to hit)
The magic dart hits Grinder but does no damage.
Grinder is almost dead.
Grinder hits you.
You die...

...##......#
###
*#.........#
##........#
#....5..###
##........#
##.#+#...#
##......#
##.....#######
#.......5@..##
#....######..##
#....# ##..#
#....# ###'###
#()..# #.....#
###### #.....#
#.....###
#.....†.##
#.....#..#####


You could see Grinder (very poisoned).

Vanquished Creatures
  An orc priest (D:3)
  A gnoll (D:1)
  2 adders (D:2)
  2 worms
  A dart slug (D:1)
  3 orcs (D:3)
  5 ball pythons
  4 endoplasms
  4 giant cockroaches
  4 goblins
  5 hobgoblins
  3 jackals
  4 kobolds
  2 quokkas
  7 bats
  6 frilled lizards
  A rat (D:2)
55 creatures vanquished.

Notes
Turn   | Place    | Note
-------+----------+-------------------------------------------
     0 | D:1      | pkoi the Draconian Conjurer began the quest for the Orb.
     0 | D:1      | Reached XP level 1. HP: 14/14 MP: 3/3
   271 | D:1      | Reached XP level 2. HP: 20/20 MP: 1/5
  1235 | D:1      | Reached skill level 5 in Conjurations
  1301 | D:1      | Reached XP level 3. HP: 26/26 MP: 0/6
  2151 | D:2      | Reached XP level 4. HP: 33/33 MP: 0/7
  3284 | D:3      | Reached skill level 6 in Conjurations
  3422 | D:3      | Noticed Grinder
  3440 | D:3      | Paralysed by Grinder for 2 turns
  3446 | D:3      | Paralysed by Grinder for 5 turns
  3456 | D:3      | Slain by Grinder

Illustrated notes

Levels and vault maps discovered:
D:1:      roderic_crop_circles_arrival_small, layout_loops_ring, serial_bayou,
          serial_bayou_lake_a, serial_bayou_pond_c, serial_bayou_pond_d,
          serial_bayou_lagoon_a, serial_bayou_pond_e, minmay_misc_feat_tower,
          minmay_pentomino_w2
D:2:      layout_basic, minmay_small_reverse_x
D:3:      layout_basic, uniq_grinder

Skill      XL: |  1  2  3  4 |
---------------+-------------+-----
Conjurations   | 5 6 |  6.2
Dodging        | |  1.7
Stealth        | |  1.7
Spellcasting   | |  2.0

Action                     |  1- 3 |  4- 6 || total
---------------------------+-------+-------++-------
  Melee: Unarmed           |    15 |       ||    15
         Tailslap          |     3 |     2 ||     5
         Dagger            |     2 |       ||     2
         Spear             |    10 |     7 ||    17
  Throw: Dart              |     2 |       ||     2
   Cast: Magic Dart        |    89 |    41 ||   130
    Use: Scroll            |     1 |     8 ||     9
         Potion            |       |     1 ||     1
 Armour: Skin              |    15 |     5 ||    20
  Dodge: Dodged            |    41 |     3 ||    44
